 Dungeon Crawl Stone Soup version 0.29.0-4-gdea44cf6ec (webtiles) character file.

Game seed: 4092976665784997956

33021 qw the Cleaver (level 13, -1/84 HPs)
             Began as a Gargoyle Berserker on Sept 6, 2022.
             Was an Elder of Trog.
             Slain by a cane toad (13 damage)
             ... on level 5 of the Lair of Beasts.
             The game lasted 00:05:28 (16055 turns).

qw the Cleaver (Gargoyle Berserker)                Turns: 16055, Time: 00:05:28

Health: -1/84      AC: 27    Str: 37    XL:     13   Next: 68%
Magic:  13/13      EV: 12    Int:  4    God:    Trog [****..]
Gold:   867        SH: 11    Dex:  8    Spells: 12/12 levels left

rFire   + . .      SeeInvis .   Y - +9 war axe (flame)
rCold   . . .      Faith    .   q - +0 kite shield
rNeg    + . .      Spirit   .   o - +0 plate armour
rPois   inf        Reflect  .   i - +2 helmet
rElec   +          Harm     .   e - +0 cloak
rCorr   .          Rampage  .   h - +1 pair of gloves
Will    .....                   (no boots)
Stlth   ..........              (no amulet)
HPRegen 0.24/turn               f - +6 ring of strength
MPRegen 0.13/turn               j - +4 ring of evasion

@: about to teleport, corroded, on berserk cooldown, slowed, very slow
A: sickness immunity, AC +9, negative energy resistance 1, electricity
resistance, torment resistance 1, petrification resistance, dopey 1, fire
resistance 1, strong 1
a: Renounce Religion, Berserk, Trog's Hand, Brothers in Arms


You were on level 5 of the Lair of Beasts.
You worshipped Trog.
Trog was greatly pleased with you.
You visited 2 branches of the dungeon, and saw 14 of its levels.

You collected 1055 gold pieces.
You spent 188 gold pieces at shops.


Innate Abilities, Weirdness & Mutations

You are immune to sickness and miasma.
Your stone body is resilient. (AC +9)
You are immune to poison.
You resist negative energy. (rN+)
You are resistant to electric shocks. (rElec)
You are resistant to unholy torment.
You are immune to petrification.
You are dopey. (Int -2)
Your flesh is heat resistant. (rF+)
Your muscles are strong. (Str +4, Int/Dex -1)


   Skills:
 - Level 11.0 Fighting
 + Level 14.1 Axes
 - Level 3.0 Throwing
 - Level 10.1 Armour
 - Level 2.2 Dodging
 - Level 12.0 Shields


You had 12 spell levels left.
You didn't know any spells.
Your spell library was empty.

Inventory:

Hand Weapons
 Y - a +9 war axe of flaming (weapon)
Missiles
 c - 3 boomerangs
 m - 4 silver boomerangs (quivered)
Armour
 e - a +0 cloak (worn)
 h - a +1 pair of gloves (worn)
 i - a +2 helmet (worn)
 o - a +0 plate armour (worn)
 q - a +0 kite shield (worn)
Jewellery
 f - a +6 ring of strength (left hand)
 j - a +4 ring of evasion (right hand)
Scrolls
 a - 7 scrolls of teleportation
 k - 8 scrolls of identify
Potions
 b - 4 potions of heal wounds
 d - 5 potions of curing
 l - 3 potions of mutation
 p - a potion of might

Dungeon Overview and Level Annotations

Branches:
Dungeon (9/15)             Temple (0/1) D:6            Lair (5/5) D:9
  Swamp (0/4) Lair:3       Spider (0/4) Lair:3
  Slime: Lair:4-5       Orc: D:9-12

Altars:
Elyvilon
Fedhas
Kikubaaqudgha
Nemelex Xobeh
Qazlal
Ru
Vehumet
Xom
The Shining One

Shops:
D:9 (

Annotations:
D:8 2 transporters, qw's ghost, novice MiFi
Lair:1 3 runed translucent doors, qw's ghost, journeyman GrBe


Message History

A cane toad comes into view.
The cane toad croaks.
You hear a croak.
A blink frog comes into view. x2; A goliath frog comes into view.
A blink frog comes into view.
The cane toad barely misses you.
You see here a vampire mosquito corpse.
You completely miss the cane toad.
The blink frog gives a loud, deep croak! x2
The cane toad stings you.
Your unstable footing causes you to fumble your attack.
The blink frog blinks!
The cane toad barely misses you.
The blink frog blinks!
The cane toad stings you! The goliath frog hits you from afar!!
You are splashed with acid!
Your unstable footing causes you to fumble your attack.
You block the cane toad's attack. You block the blink frog's attack.
The blink frog blinks!
The goliath frog hits you but does no damage.
You block the cane toad's attack. You block the blink frog's attack.
You barely miss the cane toad. You hit the blink frog. You burn the blink frog.
The goliath frog hits you but does no damage.
The blink frog blinks!
You block the cane toad's attack. You block the blink frog's attack.
The goliath frog barely misses you.
You miss the blink frog.
The blink frog is moderately wounded.
You slash the cane toad! You burn the cane toad.
You block the blink frog's attack. The cane toad completely misses you.
The goliath frog hits you from afar! The acid corrodes you!
You are splashed with acid!
The blink frog blinks!
The blink frog hits you but does no damage.
The cane toad stings you! The goliath frog hits you from afar.
You are splashed with acid.
16055 ||| READING 8 scrolls of teleportation.
As you read the scroll of teleportation, it crumbles to dust.
You feel strangely unstable. You block the blink frog's attack.
The blink frog hits you but does no damage.
You block the cane toad's attack. The blink frog barely misses you.
You block the goliath frog's attack. The blink frog barely misses you.
The cane toad stings you!
You die...

~~~~~~~ยค~.##
~~~~~~P~~~.
~~~~~~~~~~##
~~~~~~~~~~.##
~~~~~~~~~~~.#
~~~~~~~F~~~~#
~~~~~~FFF~~###
~~~~~F~@~~~~~#
.~~~~~~~~P~~##
P~~~PP~.~~..~#
.~..~.....#####
#...........#.##
.........%.<...#
P...#.......%...#
...##.#............
.....#.P...........


You could see a goliath frog, a cane toad and 3 blink frogs.

Vanquished Creatures
  A catoblepas (Lair:2)
  A hydra (Lair:4)
  8 death yaks
  Pikel (D:6)
  A bog body (Lair:3)
  A wolf spider (Lair:3)
  4 elephants (Lair:2)
  A black mamba (Lair:4)
  13 cane toads
  A torpor snail (Lair:1)
  9 komodo dragons
  A troll (D:7)
  2 hornets
  19 blink frogs
  A tyrant leech (Lair:4)
  2 wyverns (Lair:2)
  40 yaks
  7 basilisks
  2 steam dragons
  2 vampire mosquitoes
  6 water moccasins
  2 ice beasts
  A sky beast (D:7)
  3 black bears
  2 orc warriors
  5 wolves (Lair:1)
  3 ogres
  2 centaurs (D:6)
  A phantom (D:5)
  A kobold brigand (D:9)
  A lemure (D:6)
  2 necrophages (D:7)
  4 gnoll sergeants
  7 scorpions
  18 bullfrogs
  3 wights (D:7)
  4 howler monkeys
  8 hounds
  7 orc priests
  4 gnoll boudas
  12 orc wizards
  5 iguanas
  4 hell rats (Lair:4)
  21 gnolls
  9 adders
  2 shadow imps
  2 white imps
  5 ufetubi
  A worm (D:3)
  3 dart slugs
  29 orcs
  9 ball pythons
  4 bats
  8 endoplasms
  A giant cockroach (D:1)
  7 goblins
  12 hobgoblins
  A jackal (D:3)
  17 kobolds
  2 quokkas
  6 frilled lizards
  A goblin zombie (D:5)
  A quokka zombie (D:5)
  3 rats
366 creatures vanquished.

Vanquished Creatures (collateral kills)
  An orc warrior (D:9)
1 creature vanquished.

Vanquished Creatures (others)
  A bush (Lair:2)
  46 fungi
  154 plants
201 creatures vanquished.

Grand Total: 568 creatures vanquished

Notes
Turn   | Place    | Note
-------+----------+-------------------------------------------
     0 | D:1      | qw the Gargoyle Berserker began the quest for the Orb.
     0 | D:1      | Reached XP level 1. HP: 14/14 MP: 1/1
     0 | D:1      | 0 ||| qw: Version: 0.1-a-108-g9e35731
     0 | D:1      | 0 ||| qw: Game counter: 6367
     0 | D:1      | 0 ||| qw: Always use a shield: true
     0 | D:1      | 0 ||| qw: Do Orc after D:15 true
     0 | D:1      | 0 ||| qw: Do second Lair branch before Depths: true
     0 | D:1      | 0 ||| qw: Lair rune preference: random
     0 | D:1      | 0 ||| qw: Plans: Normal
     0 | D:1      | 0 ||| PLANNING D:1-11
    44 | D:1      | Reached skill level 3 in Axes
   101 | D:1      | 101 ||| Stepping ~*~*~tactically~*~*~ (stealth).
   103 | D:1      | 103 ||| Stepping ~*~*~tactically~*~*~ (stealth).
   106 | D:1      | Reached XP level 2. HP: 19/19 MP: 2/2
   474 | D:1      | 474 ||| SWAPPING to +0 hand axe of draining.
   475 | D:1      | 475 ||| DROPPING +0 hand axe.
   862 | D:1      | 862 ||| UPGRADING to +0 leather armour.
   872 | D:1      | 872 ||| DROPPING +0 animal skin.
   873 | D:1      | 873 ||| UPGRADING to +0 pair of gloves.
   878 | D:1      | 878 ||| UPGRADING to +0 scale mail.
   888 | D:1      | 888 ||| DROPPING +0 leather armour.
   889 | D:1      | 889 ||| READING 2 scrolls labelled WOEZUS WIUKLOI.
   890 | D:1      | 890 ||| READING scroll labelled QOLLOFF FIGRY.
   891 | D:1      | 891 ||| READING scroll labelled NANWASM FAKEL.
   892 | D:1      | 892 ||| READING scroll labelled CUKHLA SOZXYTOT.
   928 | D:2      | Reached XP level 3. HP: 23/23 MP: 3/3
   940 | D:2      | Found a sparkling altar of Nemelex Xobeh.
   982 | D:2      | Reached skill level 4 in Axes
  1040 | D:2      | 1040 ||| DROPPING +0 club.
  1041 | D:2      | 1041 ||| Stepping ~*~*~tactically~*~*~ (stealth).
  1067 | D:2      | 1067 ||| READING scroll of enchant weapon.
  1067 | D:2      | 1067 ||| ENCHANTING +1 hand axe of draining.
  1078 | D:2      | Identified the +12 rapier "Roffa" {protect, rPois rN+}
  1256 | D:2      | Reached ** piety under Trog
  1483 | D:2      | Found a faded altar of an unknown god.
  1585 | D:2      | 1585 ||| UPGRADING to +0 buckler.
  1590 | D:2      | 1590 ||| UPGRADING to ring of willpower.
  1591 | D:2      | 1591 ||| READING scroll labelled XOHEUP GAEHU.
  1692 | D:2      | 1692 ||| READING scroll labelled MIL FEF KUL.
  1693 | D:2      | 1693 ||| READING scroll labelled PAR VANWAGREF.
  1694 | D:2      | 1694 ||| DRINKING 3 fizzy green potions.
  1694 | D:2      | Gained mutation: You occasionally shout uncontrollably at
                  | your foes. [potion of mutation]
  1694 | D:2      | Gained mutation: Armour fits poorly on your strangely
                  | shaped body. [potion of mutation]
  1694 | D:2      | Gained mutation: Your flesh is heat resistant. (rF+)
                  | [potion of mutation]
  1695 | D:2      | 1695 ||| DRINKING 2 potions of mutation.
  1695 | D:2      | Lost mutation: Your flesh is heat resistant. (rF+) [potion
                  | of mutation]
  1695 | D:2      | Lost mutation: Armour fits poorly on your strangely shaped
                  | body. [potion of mutation]
  1695 | D:2      | Lost mutation: You occasionally shout uncontrollably at
                  | your foes. [potion of mutation]
  1695 | D:2      | Gained mutation: Your flesh is heat resistant. (rF+)
                  | [potion of mutation]
  1695 | D:2      | Gained mutation: You are dopey. (Int -2) [potion of
                  | mutation]
  1695 | D:2      | Gained mutation: Your muscles are strong. (Str +4, Int/Dex
                  | -1) [potion of mutation]
  1696 | D:2      | 1696 ||| READING 4 scrolls of identify.
  1696 | D:2      | 1696 ||| IDENTIFYING black potion
  1697 | D:2      | 1697 ||| READING 3 scrolls of identify.
  1697 | D:2      | 1697 ||| IDENTIFYING bubbling purple potion
  1698 | D:2      | 1698 ||| READING 2 scrolls of identify.
  1698 | D:2      | 1698 ||| IDENTIFYING cyan potion
  1699 | D:2      | 1699 ||| DROPPING potion of flight.
  1700 | D:2      | 1700 ||| DROPPING potion of degeneration.
  1701 | D:2      | 1701 ||| DROPPING potion of brilliance.
  1727 | D:3      | Reached skill level 1 in Shields
  1727 | D:3      | Reached XP level 4. HP: 28/28 MP: 4/4
  1777 | D:3      | 1777 ||| Stepping ~*~*~tactically~*~*~ (stealth).
  1779 | D:3      | 1779 ||| Stepping ~*~*~tactically~*~*~ (stealth).
  1793 | D:3      | 1793 ||| FLEEEEING.
  1794 | D:3      | 1794 ||| FLEEEEING.
  1796 | D:3      | 1796 ||| FLEEEEING.
  1797 | D:3      | 1797 ||| FLEEEEING.
  1798 | D:3      | 1798 ||| FLEEEEING.
  1799 | D:3      | 1799 ||| FLEEEEING.
  1800 | D:3      | 1800 ||| FLEEEEING.
  1801 | D:3      | 1801 ||| FLEEEEING.
  1803 | D:3      | 1803 ||| FLEEEEING.
  1804 | D:3      | 1804 ||| FLEEEEING.
  1805 | D:3      | 1805 ||| FLEEEEING.
  1806 | D:3      | 1806 ||| STAIRDANCE
  1875 | D:2      | 1875 ||| UPGRADING to +4 ring of evasion.
  1876 | D:2      | 1876 ||| READING scroll labelled WOAMEP JOGIDEG.
  1877 | D:2      | 1877 ||| READING scroll labelled DILIL JEOSCH.
  1925 | D:3      | 1925 ||| Stepping ~*~*~tactically~*~*~ (stealth).
  1928 | D:3      | 1928 ||| Stepping ~*~*~tactically~*~*~ (stealth).
  1934 | D:3      | 1934 ||| INVOKING Berserk.
  2092 | D:3      | 2092 ||| Stepping ~*~*~tactically~*~*~ (stealth).
  2094 | D:3      | 2094 ||| Stepping ~*~*~tactically~*~*~ (hiding).
  2493 | D:3      | 2493 ||| READING scroll of enchant weapon.
  2493 | D:3      | 2493 ||| ENCHANTING +2 hand axe of draining.
  2649 | D:3      | Reached XP level 5. HP: 32/32 MP: 5/5
  2697 | D:3      | 2697 ||| READING scroll labelled LAOSHR QOIR UPT.
  2698 | D:3      | 2698 ||| DRINKING 2 bubbling green potions.
  2699 | D:3      | 2699 ||| DROPPING potion of attraction.
  2773 | D:4      | Found a blossoming altar of Fedhas.
  2829 | D:4      | Reached skill level 5 in Axes
  2856 | D:4      | 2856 ||| INVOKING Berserk.
  2875 | D:4      | Reached XP level 6. HP: 38/38 MP: 6/6
  3337 | D:4      | 3337 ||| UPGRADING to +0 chain mail.
  3347 | D:4      | 3347 ||| DROPPING +0 scale mail.
  3348 | D:4      | 3348 ||| READING scroll labelled DIFRA ZAITO.
  3414 | D:4      | 3414 ||| DRINKING 3 metallic puce potions.
  3440 | D:4      | 3440 ||| READING 3 scrolls of identify.
  3440 | D:4      | 3440 ||| IDENTIFYING clear potion
  3441 | D:4      | 3441 ||| DROPPING 2 potions of lignification.
  3480 | D:5      | Entered Level 5 of the Dungeon
  3481 | D:5      | 3481 ||| PLANNING OSSUARY
  3488 | D:5      | Noticed a hornet
  3489 | D:5      | 3489 ||| Stepping ~*~*~tactically~*~*~ (stealth).
  3491 | D:5      | 3491 ||| Stepping ~*~*~tactically~*~*~ (stealth).
  3491 | D:5      | Found a radiant altar of Vehumet.
  3492 | D:5      | 3492 ||| Stepping ~*~*~tactically~*~*~ (stealth).
  3493 | D:5      | Identified the +4 short sword of the Exceptional God
                  | {vorpal, SInv}
  3510 | D:5      | Killed a hornet
  3511 | D:5      | Reached skill level 6 in Axes
  3511 | D:5      | Reached XP level 7. HP: 35/43 MP: 7/7
  3575 | D:5      | Reached skill level 3 in Shields
  3587 | D:5      | Reached skill level 3 in Armour
  3662 | D:5      | Reached *** piety under Trog
  3688 | D:5      | Reached skill level 7 in Axes
  3757 | D:5      | 3757 ||| INVOKING Berserk.
  3760 | D:5      | Reached XP level 8. HP: 49/49 MP: 8/8
  3763 | D:5      | Reached skill level 1 in Throwing
  4169 | D:5      | Reached skill level 8 in Axes
  4231 | D:5      | 4231 ||| RIP OSSUARY
  4240 | D:5      | 4240 ||| PLANNING D:1-11
  4270 | D:5      | 4270 ||| INVOKING Berserk.
  4398 | D:5      | Found a shimmering altar of Xom.
  4400 | D:5      | 4400 ||| INVOKING Berserk.
  4409 | D:5      | Reached skill level 6 in Fighting
  4610 | D:5      | Found a white marble altar of Elyvilon.
  4687 | D:5      | 4687 ||| READING 3 scrolls labelled GOUTRIO GOGEIQ.
  4717 | D:6      | Noticed Pikel
  4718 | D:6      | 4718 ||| Stepping ~*~*~tactically~*~*~ (stealth).
  4719 | D:6      | 4719 ||| Stepping ~*~*~tactically~*~*~ (stealth).
  4749 | D:6      | 4749 ||| INVOKING Berserk.
  4755 | D:6      | Killed Pikel
  4756 | D:6      | Reached skill level 9 in Axes
  4756 | D:6      | Reached XP level 9. HP: 55/55 MP: 9/9
  4796 | D:6      | Found a stormy altar of Qazlal.
  4824 | D:6      | 4824 ||| READING scroll of enchant armour.
  4824 | D:6      | 4824 ||| ENCHANTING +0 pair of gloves.
  4826 | D:6      | Found an ancient bone altar of Kikubaaqudgha.
  4996 | D:6      | 4996 ||| Stepping ~*~*~tactically~*~*~ (hiding).
  5004 | D:6      | 5004 ||| INVOKING Berserk.
  5018 | D:6      | 5018 ||| Stepping ~*~*~tactically~*~*~ (stealth).
  5024 | D:6      | 5024 ||| Stepping ~*~*~tactically~*~*~ (stealth).
  5079 | D:6      | 5079 ||| Stepping ~*~*~tactically~*~*~ (hiding).
  5086 | D:6      | 5086 ||| INVOKING Berserk.
  5106 | D:6      | 5106 ||| Stepping ~*~*~tactically~*~*~ (stealth).
  5109 | D:6      | 5109 ||| Stepping ~*~*~tactically~*~*~ (stealth).
  5110 | D:6      | 5110 ||| Stepping ~*~*~tactically~*~*~ (stealth).
  5130 | D:6      | 5130 ||| Stepping ~*~*~tactically~*~*~ (stealth).
  5170 | D:6      | 5170 ||| Stepping ~*~*~tactically~*~*~ (stealth).
  5219 | D:6      | 5219 ||| Stepping ~*~*~tactically~*~*~ (stealth).
  5223 | D:6      | 5223 ||| Stepping ~*~*~tactically~*~*~ (stealth).
  5227 | D:6      | 5227 ||| Stepping ~*~*~tactically~*~*~ (stealth).
  5236 | D:6      | Reached **** piety under Trog
  5313 | D:6      | Found a staircase to the Ecumenical Temple.
  5570 | D:6      | 5570 ||| Stepping ~*~*~tactically~*~*~ (hiding).
  5572 | D:6      | 5572 ||| Stepping ~*~*~tactically~*~*~ (hiding).
  5777 | D:6      | 5777 ||| Stepping ~*~*~tactically~*~*~ (stealth).
  5779 | D:6      | 5779 ||| Stepping ~*~*~tactically~*~*~ (hiding).
  5783 | D:6      | 5783 ||| INVOKING Berserk.
  5983 | D:6      | 5983 ||| Stepping ~*~*~tactically~*~*~ (stealth).
  5985 | D:6      | 5985 ||| Stepping ~*~*~tactically~*~*~ (stealth).
  5993 | D:6      | 5993 ||| Stepping ~*~*~tactically~*~*~ (stealth).
  6003 | D:6      | Reached skill level 10 in Axes
  6009 | D:6      | 6009 ||| FLEEEEING.
  6010 | D:6      | 6010 ||| FLEEEEING.
  6011 | D:6      | 6011 ||| FLEEEEING.
  6012 | D:6      | 6012 ||| FLEEEEING.
  6013 | D:6      | 6013 ||| FLEEEEING.
  6014 | D:6      | 6014 ||| FLEEEEING.
  6015 | D:6      | 6015 ||| FLEEEEING.
  6016 | D:6      | 6016 ||| FLEEEEING.
  6017 | D:6      | 6017 ||| FLEEEEING.
  6018 | D:6      | 6018 ||| FLEEEEING.
  6019 | D:6      | 6019 ||| FLEEEEING.
  6082 | D:6      | 6082 ||| Stepping ~*~*~tactically~*~*~ (stealth).
  6083 | D:6      | 6083 ||| Stepping ~*~*~tactically~*~*~ (stealth).
  6086 | D:6      | 6086 ||| Stepping ~*~*~tactically~*~*~ (stealth).
  6108 | D:6      | 6108 ||| Stepping ~*~*~tactically~*~*~ (stealth).
  6109 | D:6      | 6109 ||| INVOKING Berserk.
  6389 | D:6      | 6389 ||| UPGRADING to +0 buckler of fire resistance.
  6399 | D:6      | 6399 ||| DROPPING +0 buckler.
  6400 | D:6      | 6400 ||| UPGRADING to +0 kite shield.
  6410 | D:6      | 6410 ||| DROPPING +0 buckler of fire resistance.
  6411 | D:6      | 6411 ||| READING scroll labelled KAIPPEKHLEN.
  6412 | D:6      | 6412 ||| READING scroll labelled JANLENIKEE.
  6413 | D:6      | 6413 ||| READING 5 scrolls of identify.
  6413 | D:6      | 6413 ||| IDENTIFYING fuming purple potion
  6414 | D:6      | 6414 ||| DROPPING potion of magic.
  6473 | D:7      | 6473 ||| Stepping ~*~*~tactically~*~*~ (stealth).
  6474 | D:7      | 6474 ||| Stepping ~*~*~tactically~*~*~ (stealth).
  6475 | D:7      | 6475 ||| Stepping ~*~*~tactically~*~*~ (stealth).
  6479 | D:7      | 6479 ||| Stepping ~*~*~tactically~*~*~ (stealth).
  6510 | D:7      | 6510 ||| Stepping ~*~*~tactically~*~*~ (stealth).
  6511 | D:7      | 6511 ||| Stepping ~*~*~tactically~*~*~ (stealth).
  6514 | D:7      | 6514 ||| Stepping ~*~*~tactically~*~*~ (hiding).
  6534 | D:7      | 6534 ||| Stepping ~*~*~tactically~*~*~ (stealth).
  6535 | D:7      | 6535 ||| Stepping ~*~*~tactically~*~*~ (stealth).
  6608 | D:7      | Found a glowing golden altar of the Shining One.
  6638 | D:7      | Found a sacrificial altar of Ru.
  6654 | D:7      | 6654 ||| Stepping ~*~*~tactically~*~*~ (hiding).
  6658 | D:7      | Noticed a troll
  6659 | D:7      | 6659 ||| INVOKING Berserk.
  6667 | D:7      | Reached XP level 10. HP: 63/63 MP: 10/10
  6687 | D:7      | Reached skill level 6 in Shields
  6702 | D:7      | 6702 ||| Stepping ~*~*~tactically~*~*~ (stealth).
  6713 | D:7      | 6713 ||| FLEEEEING.
  6714 | D:7      | 6714 ||| FLEEEEING.
  6715 | D:7      | 6715 ||| FLEEEEING.
  6827 | D:7      | 6827 ||| Stepping ~*~*~tactically~*~*~ (stealth).
  6828 | D:7      | 6828 ||| Stepping ~*~*~tactically~*~*~ (stealth).
  6840 | D:7      | 6840 ||| Stepping ~*~*~tactically~*~*~ (hiding).
  6910 | D:7      | 6910 ||| Stepping ~*~*~tactically~*~*~ (hiding).
  6924 | D:7      | 6924 ||| INVOKING Berserk.
  6986 | D:7      | 6986 ||| Stepping ~*~*~tactically~*~*~ (stealth).
  6987 | D:7      | 6987 ||| Stepping ~*~*~tactically~*~*~ (stealth).
  6994 | D:7      | 6994 ||| DROPPING +0 flail.
  6996 | D:7      | 6996 ||| Stepping ~*~*~tactically~*~*~ (stealth).
  6998 | D:7      | 6998 ||| Stepping ~*~*~tactically~*~*~ (hiding).
  7005 | D:7      | 7005 ||| INVOKING Berserk.
  7173 | D:7      | Found a sparkling altar of Nemelex Xobeh.
  7268 | D:7      | Identified the +1 pair of gloves "Syhyeps" {Harm}
  7291 | D:7      | 7291 ||| INVOKING Berserk.
  7510 | D:7      | 7510 ||| DROPPING +1 flail of venom.
  7700 | D:7      | 7700 ||| DROPPING +1 pair of gloves "Syhyeps" {Harm}.
  7701 | D:7      | 7701 ||| UPGRADING to +2 chain mail of poison resistance.
  7711 | D:7      | 7711 ||| UPGRADING to +0 helmet.
  7716 | D:7      | 7716 ||| DROPPING +0 chain mail.
  7753 | D:8      | 7753 ||| Stepping ~*~*~tactically~*~*~ (hiding).
  7763 | D:8      | 7763 ||| FLEEEEING.
  7764 | D:8      | 7764 ||| FLEEEEING.
  7765 | D:8      | 7765 ||| FLEEEEING.
  7766 | D:8      | 7766 ||| FLEEEEING.
  7767 | D:8      | 7767 ||| FLEEEEING.
  7768 | D:8      | 7768 ||| STAIRDANCE
  7803 | D:8      | 7803 ||| STAIRDANCE
  7812 | D:8      | 7812 ||| Stepping ~*~*~tactically~*~*~ (hiding).
  7854 | D:8      | Found a transporter.
  7874 | D:8      | 7874 ||| Stepping ~*~*~tactically~*~*~ (stealth).
  7894 | D:8      | Noticed qw's ghost (novice MiFi)
  7898 | D:8      | Noticed a moth of wrath
  8040 | D:8      | Found a transporter.
  8061 | D:8      | Reached skill level 9 in Shields
  8324 | D:8      | 8324 ||| Stepping ~*~*~tactically~*~*~ (stealth).
  8341 | D:8      | 8341 ||| Stepping ~*~*~tactically~*~*~ (stealth).
  8416 | D:8      | 8416 ||| INVOKING Berserk.
  8574 | D:9      | 8574 ||| Stepping ~*~*~tactically~*~*~ (stealth).
  8577 | D:9      | 8577 ||| Stepping ~*~*~tactically~*~*~ (stealth).
  8578 | D:9      | 8578 ||| Stepping ~*~*~tactically~*~*~ (stealth).
  8595 | D:9      | Reached ***** piety under Trog
  8637 | D:9      | 8637 ||| Stepping ~*~*~tactically~*~*~ (stealth).
  8638 | D:9      | 8638 ||| Stepping ~*~*~tactically~*~*~ (stealth).
  8667 | D:9      | 8667 ||| INVOKING Berserk.
  8669 | D:9      | Reached XP level 11. HP: 46/68 MP: 11/11
  8671 | D:9      | Reached skill level 11 in Axes
  8983 | D:9      | 8983 ||| Stepping ~*~*~tactically~*~*~ (stealth).
  8989 | D:9      | Reached skill level 6 in Armour
  9000 | D:9      | 9000 ||| INVOKING Berserk.
  9161 | D:9      | 9161 ||| SWAPPING to +0 war axe.
  9162 | D:9      | 9162 ||| DROPPING +3 hand axe of draining.
  9164 | D:9      | 9164 ||| Stepping ~*~*~tactically~*~*~ (stealth).
  9166 | D:9      | 9166 ||| INVOKING Berserk.
  9174 | D:9      | 9174 ||| INVOKING Brothers in Arms.
  9175 | D:9      | 9175 ||| INVOKING Brothers in Arms.
  9286 | D:9      | 9286 ||| Stepping ~*~*~tactically~*~*~ (stealth).
  9287 | D:9      | 9287 ||| Stepping ~*~*~tactically~*~*~ (stealth).
  9454 | D:9      | Found Peijuh's Antique Weapon Emporium.
  9457 | D:9      | 9457 ||| BUYING runed war axe (188 gold).
  9457 | D:9      | Bought a runed war axe for 188 gold pieces
  9457 | D:9      | 9457 ||| SWAPPING to +8 war axe of flaming.
  9458 | D:9      | 9458 ||| DROPPING +0 war axe.
  9459 | D:9      | 9459 ||| DROPPING +0 morningstar.
  9504 | D:9      | Found a staircase to the Lair.
  9690 | D:9      | 9690 ||| PLANNING LAIR
  9690 | D:9      | 9690 ||| UPGRADING to +0 plate armour.
  9700 | D:9      | 9700 ||| DROPPING +2 chain mail of poison resistance.
  9709 | Lair:1   | Entered Level 1 of the Lair of Beasts
  9841 | Lair:1   | 9841 ||| INVOKING Berserk.
  9856 | Lair:1   | Reached skill level 9 in Fighting
  9859 | Lair:1   | 9859 ||| INVOKING Brothers in Arms.
  9900 | Lair:1   | 9900 ||| Stepping ~*~*~tactically~*~*~ (stealth).
  9937 | Lair:1   | 9937 ||| INVOKING Berserk.
 10043 | Lair:1   | 10043 ||| INVOKING Berserk.
 10171 | Lair:1   | 10171 ||| INVOKING Berserk.
 10279 | Lair:1   | 10279 ||| Stepping ~*~*~tactically~*~*~ (stealth).
 10280 | Lair:1   | 10280 ||| Stepping ~*~*~tactically~*~*~ (stealth).
 10282 | Lair:1   | 10282 ||| Stepping ~*~*~tactically~*~*~ (stealth).
 10396 | Lair:1   | 10396 ||| INVOKING Berserk.
 10532 | Lair:1   | 10532 ||| INVOKING Berserk.
 10535 | Lair:1   | Reached skill level 12 in Axes
 10675 | Lair:1   | 10675 ||| READING scroll of enchant weapon.
 10675 | Lair:1   | 10675 ||| ENCHANTING +8 war axe of flaming.
 10682 | Lair:1   | 10682 ||| INVOKING Berserk.
 10685 | Lair:1   | Reached XP level 12. HP: 76/76 MP: 12/12
 10945 | Lair:1   | 10945 ||| Stepping ~*~*~tactically~*~*~ (stealth).
 10946 | Lair:1   | 10946 ||| Stepping ~*~*~tactically~*~*~ (stealth).
 10962 | Lair:1   | 10962 ||| Stepping ~*~*~tactically~*~*~ (stealth).
 10963 | Lair:1   | 10963 ||| Stepping ~*~*~tactically~*~*~ (stealth).
 10964 | Lair:1   | 10964 ||| Stepping ~*~*~tactically~*~*~ (stealth).
 10965 | Lair:1   | 10965 ||| Stepping ~*~*~tactically~*~*~ (stealth).
 10976 | Lair:1   | 10976 ||| INVOKING Berserk.
 11047 | Lair:1   | 11047 ||| Stepping ~*~*~tactically~*~*~ (stealth).
 11048 | Lair:1   | 11048 ||| Stepping ~*~*~tactically~*~*~ (stealth).
 11052 | Lair:1   | 11052 ||| INVOKING Berserk.
 11344 | Lair:1   | Found a runed translucent gate.
 11345 | Lair:1   | Found a runed translucent gate.
 11346 | Lair:1   | Found a runed translucent gate.
 11349 | Lair:1   | Noticed qw's ghost (journeyman GrBe)
 11351 | Lair:1   | Noticed a nine-headed hydra
 11777 | Lair:1   | 11777 ||| UPGRADING to +6 ring of strength.
 11779 | Lair:1   | 11779 ||| DROPPING ring of positive energy.
 11780 | Lair:1   | 11780 ||| DROPPING ring of resist corrosion.
 11781 | Lair:1   | 11781 ||| DROPPING ring of willpower.
 11818 | Lair:2   | 11818 ||| INVOKING Berserk.
 11827 | Lair:2   | 11827 ||| STAIRDANCE
 12196 | Lair:2   | 12196 ||| Stepping ~*~*~tactically~*~*~ (stealth).
 12197 | Lair:2   | Noticed a death yak
 12198 | Lair:2   | Noticed a death yak
 12199 | Lair:2   | 12199 ||| Stepping ~*~*~tactically~*~*~ (stealth).
 12200 | Lair:2   | 12200 ||| Stepping ~*~*~tactically~*~*~ (stealth).
 12208 | Lair:2   | Noticed a catoblepas
 12209 | Lair:2   | 12209 ||| Stepping ~*~*~tactically~*~*~ (stealth).
 12227 | Lair:2   | Noticed a death yak
 12227 | Lair:2   | 12227 ||| Stepping ~*~*~tactically~*~*~ (stealth).
 12242 | Lair:2   | 12242 ||| Stepping ~*~*~tactically~*~*~ (stealth).
 12243 | Lair:2   | 12243 ||| INVOKING Berserk.
 12264 | Lair:2   | 12264 ||| FLEEEEING.
 12266 | Lair:2   | 12266 ||| FLEEEEING.
 12270 | Lair:2   | 12270 ||| FLEEEEING.
 12271 | Lair:2   | 12271 ||| FLEEEEING.
 12272 | Lair:2   | 12272 ||| FLEEEEING.
 12273 | Lair:2   | 12273 ||| FLEEEEING.
 12274 | Lair:2   | 12274 ||| FLEEEEING.
 12275 | Lair:2   | 12275 ||| FLEEEEING.
 12276 | Lair:2   | 12276 ||| FLEEEEING.
 12277 | Lair:2   | 12277 ||| FLEEEEING.
 12278 | Lair:2   | 12278 ||| FLEEEEING.
 12279 | Lair:2   | 12279 ||| FLEEEEING.
 12280 | Lair:2   | 12280 ||| STAIRDANCE
 12797 | Lair:2   | 12797 ||| INVOKING Berserk.
 12802 | Lair:2   | Killed a death yak
 12803 | Lair:2   | Reached skill level 13 in Axes
 12806 | Lair:2   | Killed a catoblepas
 12808 | Lair:2   | Killed a death yak
 12819 | Lair:2   | Killed a death yak
 13000 | Lair:2   | 13000 ||| UPGRADING to +0 cloak.
 13143 | Lair:3   | 13143 ||| Stepping ~*~*~tactically~*~*~ (stealth).
 13145 | Lair:3   | 13145 ||| Stepping ~*~*~tactically~*~*~ (stealth).
 13148 | Lair:3   | 13148 ||| Stepping ~*~*~tactically~*~*~ (stealth).
 13157 | Lair:3   | 13157 ||| Stepping ~*~*~tactically~*~*~ (stealth).
 13158 | Lair:3   | 13158 ||| Stepping ~*~*~tactically~*~*~ (stealth).
 13164 | Lair:3   | Reached skill level 9 in Armour
 13165 | Lair:3   | 13165 ||| Stepping ~*~*~tactically~*~*~ (hiding).
 13306 | Lair:3   | Found a staircase to the Swamp.
 13441 | Lair:3   | Found a hole to the Spider Nest.
 13444 | Lair:3   | 13444 ||| INVOKING Berserk.
 13448 | Lair:3   | Reached skill level 3 in Throwing
 13594 | Lair:3   | Reached XP level 13. HP: 82/82 MP: 13/13
 14160 | Lair:3   | 14160 ||| UPGRADING to +2 helmet.
 14170 | Lair:3   | 14170 ||| DROPPING +0 helmet.
 14171 | Lair:3   | 14171 ||| READING scroll labelled ITTOETS KEOHITZ.
 14196 | Lair:4   | 14196 ||| INVOKING Berserk.
 14215 | Lair:4   | 14215 ||| STAIRDANCE
 14818 | Lair:4   | 14818 ||| INVOKING Berserk.
 14951 | Lair:4   | Reached skill level 14 in Axes
 14959 | Lair:4   | 14959 ||| INVOKING Berserk.
 15145 | Lair:4   | 15145 ||| INVOKING Brothers in Arms.
 15149 | Lair:4   | 15149 ||| INVOKING Berserk.
 15379 | Lair:4   | 15379 ||| READING 11 scrolls of identify.
 15379 | Lair:4   | 15379 ||| IDENTIFYING glowing puce potion
 15380 | Lair:4   | 15380 ||| READING 10 scrolls of identify.
 15380 | Lair:4   | 15380 ||| IDENTIFYING brown potion
 15381 | Lair:4   | 15381 ||| READING 9 scrolls of identify.
 15381 | Lair:4   | 15381 ||| IDENTIFYING amethyst potion
 15382 | Lair:4   | 15382 ||| DROPPING potion of ambrosia.
 15383 | Lair:4   | 15383 ||| DROPPING potion of invisibility.
 15396 | Lair:5   | Entered Level 5 of the Lair of Beasts
 15400 | Lair:5   | 15400 ||| STAIRDANCE
 15443 | Lair:5   | 15443 ||| STAIRDANCE
 15490 | Lair:4   | 15490 ||| Stepping ~*~*~tactically~*~*~ (stealth).
 15492 | Lair:4   | 15492 ||| Stepping ~*~*~tactically~*~*~ (stealth).
 15500 | Lair:4   | 15500 ||| Stepping ~*~*~tactically~*~*~ (stealth).
 15508 | Lair:5   | 15508 ||| STAIRDANCE
 15510 | Lair:4   | 15510 ||| INVOKING Berserk.
 15645 | Lair:5   | 15645 ||| STAIRDANCE
 15647 | Lair:4   | 15647 ||| INVOKING Berserk.
 15766 | Lair:5   | 15766 ||| STAIRDANCE
 15831 | Lair:5   | 15831 ||| STAIRDANCE
 15833 | Lair:4   | 15833 ||| INVOKING Berserk.
 15963 | Lair:5   | 15963 ||| STAIRDANCE
 15965 | Lair:4   | 15965 ||| INVOKING Berserk.
 16028 | Lair:5   | 16028 ||| INVOKING Berserk.
 16030 | Lair:5   | Reached skill level 12 in Shields
 16054 | Lair:5   | HP: 18/84 [goliath frog (6)]
 16055 | Lair:5   | 16055 ||| READING 8 scrolls of teleportation.
 16055 | Lair:5   | Slain by a cane toad

Levels and vault maps discovered:
D:1:      eino_arrival_tree_alley, layout_loops_ring, skrybe_limestone_x,
          serial_park_tiny_2
D:2:      layout_basic, hellmonk_ecumenical_altar_inner_sanctum, basic_altar
D:3:      minmay_recursive_quarters, layout_rooms, serial_aquarium,
          aquarium_bridge_square [aquarium_subvault_bridge,
          aquarium_subvault_bridge, aquarium_subvault_bridge,
          aquarium_subvault_wall], aquarium_window_3, aquarium_window_2,
          aquarium_window_fake, aquarium_view_4, aquarium_balcony_1b,
          aquarium_pool_four
D:4:      layout_rooms, mainiacjoe_overflow_paths
D:5:      minmay_diamond_boxcup, layout_basic, overflow_temple_1_default,
          mainiacjoe_overflow_brackets, lemuel_tele_altar, enter_ossuary_4,
          item_on_display_a
D:6:      kennysheep_housing_project, layout_cave_pods, general_overflow_altar,
          amcnicky_altar_gilded, minmay_temple_entry_junction, uniq_pikel
D:7:      layout_basic, nicolae_overflow_hidden_temple,
          mainiacjoe_overflow_concentric_impassable, old_standard_altar
D:8:      layout_basic, gammafunk_ghost_berserking_beasts
D:9:      layout_rooms, due_lair_maze_entry_diamond, serial_shops,
          nicolae_shop_behind_doors, dk_noncrumbling_4,
          chequers_serial_rivers_large_b
Lair:1:   layout_layer_cave, gammafunk_ghost_hydra_chop, serial_bayou_shore_a,
          grunt_megastairs_1, serial_bayou_shore_b
Lair:2:   layout_gridlike, nicolae_lair_grazing_beasts
          [nicolae_sub_lair_graze_edge, nicolae_sub_lair_graze_edge,
          nicolae_sub_lair_graze_edge, nicolae_sub_lair_graze_edge]
Lair:3:   layout_cave_pods, skrybe_swamp_entry_bodies, spider_nest_entry_rubble,
          lemuel_fruit_tree
Lair:4:   layout_gridlike, kennysheep_basilisk_garden, serial_bayou_shore_b,
          infiniplex_staircase_pool, grunt_megastairs_2
Lair:5:   minmay_lair_end_frog_pond, layout_cave_pods, slime_entry_1,
          st_stairs_13

Skill      XL: |  1  2  3  4  5  6  7  8  9 10 11 12 13 |
---------------+----------------------------------------+-----
Axes           | 3 4 5 6 7 9 10 12 13 14 | 14.1
Shields        | 1 2 3 5 9 10 11 12 | 12.0
Fighting       | 4 5 6 7 8 9 10 11 | 11.0
Armour         | 3 4 5 8 9 10 | 10.1
Throwing       | 1 3 |  3.0
Dodging        | 2 |  2.2

Action                   |  1- 3 |  4- 6 |  7- 9 | 10-12 | 13-15 || total
-------------------------+-------+-------+-------+-------+-------++-------
Melee: Hand axe          |    81 |    97 |   268 |   258 |       ||   704
       War axe           |       |       |       |   224 |   110 ||   334
Throw: Boomerang         |       |    47 |    63 |    80 |    20 ||   210
Invok: Berserk           |       |     2 |     9 |    20 |     9 ||    40
       Brothers in Arms  |       |       |       |     2 |     1 ||     3
  Use: Scroll            |    11 |     6 |     5 |     1 |     5 ||    28
       Potion            |     2 |     2 |       |       |       ||     4
 Stab: Distracted        |     1 |       |       |       |       ||     1
       Petrified         |       |       |       |    18 |       ||    18
Armor: Animal skin       |    14 |       |       |       |       ||    14
       Scale mail        |    24 |    17 |       |       |       ||    41
       Chain mail        |       |     4 |   118 |   124 |       ||   246
       Plate armour      |       |       |       |    78 |    45 ||   123
Dodge: Dodged            |    22 |    34 |   115 |   190 |    62 ||   423
Block: Buckler           |     2 |    13 |    30 |       |       ||    45
       Kite shield       |       |       |    12 |   194 |    57 ||   263

Table legend:
 A = Non-vault XP
 B = Vault XP
 C = Vault XP percentage of total XP
 D = Non-vault monster count
 E = Vault monster count
 F = Vault count percentage of total count
                 A         B        C        D         E       F
            +---------+---------+-------+---------+---------+-------
      Total |   30896 |   16277 |  34.5 |     270 |      96 |  26.2
            +---------+---------+-------+---------+---------+-------
        D:1 |      33 |       0 |   0.0 |      17 |       0 |   0.0
        D:2 |      37 |       0 |   0.0 |      14 |       0 |   0.0
        D:3 |      63 |      42 |  40.0 |      20 |       8 |  28.6
        D:4 |     213 |       0 |   0.0 |      15 |       0 |   0.0
        D:5 |    1132 |     493 |  30.3 |      21 |      13 |  38.2
        D:6 |     742 |    1480 |  66.6 |      15 |      31 |  67.4
        D:7 |    1598 |       0 |   0.0 |      36 |       0 |   0.0
        D:8 |    1702 |       0 |   0.0 |      18 |       0 |   0.0
        D:9 |    3362 |     999 |  22.9 |      31 |       8 |  20.5
     Lair:1 |    8563 |     524 |   5.8 |      38 |       2 |   5.0
     Lair:2 |    2985 |    5188 |  63.5 |      12 |       8 |  40.0
     Lair:3 |    1838 |    1133 |  38.1 |       9 |       2 |  18.2
     Lair:4 |    8285 |    5011 |  37.7 |      23 |      19 |  45.2
     Lair:5 |     343 |    1407 |  80.4 |       1 |       5 |  83.3
            +---------+---------+-------+---------+---------+-------
